Map: Triton LE

Players

Raven - Winner!

  • Race: Protoss Protoss
  • League: Platinum
  • Spawn Location: 11:00

pHARM

  • Race: Zerg Zerg
  • League: Platinum
  • Spawn Location: 5:00

VOD

Have the link to the VOD?

Description

Time

  • Played on: Oct. 5, 2019, 11:47 p.m.
  • Length: 14:38
Show
View Real Time Build Order
Export as new Build Order

Raven Protoss - Winner!

Build Orders: 1 Gate Expand 

Get SALT Encoding   

  12  0:00  Probe  
  13  0:13  Probe  
  14  0:20  Pylon  
  14  0:25  Probe (Chrono Boost)  
  15  0:38  Probe (Chrono Boost)  
  15  0:41  Gateway  
  16  0:45  Probe  
  17  0:50  Assimilator  
  17  0:58  Probe  
  18  1:10  Probe  
  19  1:22  Probe  
  20  1:29  Nexus  
  20  1:41  Cybernetics Core  
  20  1:45  Probe  
  21  1:51  Pylon  
  21  1:57  Probe  
  21  1:59  Assimilator  
  22  2:09  Probe  
  23  2:19  Adept  
  23  2:21  Warp Gate, Probe  
  26  2:28  Robotics Facility  
  26  2:35  Probe (Chrono Boost)  
  27  2:42  Probe (Chrono Boost)  
  28  2:49  Stalker  
  28  2:50  Probe x2 (Chrono Boost)  
  32  2:56  Gateway  
  32  2:59  Probe  
  32  3:02  Probe  
  34  3:08  Pylon  
  34  3:11  Probe  
  35  3:23  Probe (Chrono Boost)  
  36  3:34  Probe (Chrono Boost)  
  36  3:35  Probe (Chrono Boost)  
  36  3:36  Stalker  
  39  3:44  Probe (Chrono Boost), Stalker  
  39  3:45  Immortal (Chrono Boost)  
  46  3:51  Probe  
  46  3:54  Probe  
  48  4:07  Nexus  
  48  4:10  Pylon  
  48  4:14  Pylon, Probe  
  48  4:15  Probe  
  50  4:21  Observer  
  51  4:25  Stalker  
  51  4:28  Pylon  
  51  4:30  Probe x2  
  55  4:33  Stalker  
  57  4:42  Probe x2  
  59  4:47  Assimilator  
  59  4:49  Assimilator  
  59  4:51  Pylon, Stalker  
  61  5:00  Gateway x2  
  61  5:05  Gateway  
  59  5:20  Stalker  
  59  5:21  Stalker  
  63  5:33  Twilight Council  
  63  5:36  Pylon  
  63  5:38  Pylon  
  63  5:39  Immortal  
  67  5:47  Probe (Chrono Boost)  
  70  5:52  Probe (Chrono Boost), Stalker x2  
  70  5:53  Probe (Chrono Boost)  
  75  5:57  Probe (Chrono Boost)  
  75  6:01  Probe x2 (Chrono Boost)  
  75  6:02  Probe (Chrono Boost)  
  77  6:08  Stalker x2  
  77  6:09  Stalker  
  84  6:11  Probe x2  
  84  6:14  Probe (Chrono Boost), Charge (Chrono Boost)  
  87  6:19  Templar Archives  
  89  6:26  Probe (Chrono Boost)  
  89  6:29  Probe x2 (Chrono Boost)  
  89  6:32  Stalker x2  
  92  6:33  Stalker  
  96  6:43  Shield Battery x2  
  96  6:45  Shield Battery  
  96  6:48  Probe  
  96  6:49  Probe x2  
  96  6:52  Psionic Storm  
  99  6:57  Zealot x4  
  99  7:01  Probe x3  
  110  7:13  Probe x2  
  112  7:16  Pylon  
  112  7:21  Forge  
  112  7:22  Forge  
  112  7:25  Pylon  
  112  7:27  Pylon  
  112  7:28  Pylon  
  112  7:30  Pylon  
  112  7:35  High Templar x3  
  118  7:37  Zealot  
  118  7:38  Zealot  
  122  7:46  Assimilator  
  122  7:47  Protoss Ground Weapons Level 1 (Chrono Boost)  
  122  7:48  Protoss Ground Armor Level 1 (Chrono Boost), Probe x3, Assimilator  
  122  7:49  Pylon  
  125  8:00  Probe x3  
  128  8:18  High Templar x2  
  128  8:19  Zealot x2  
  136  8:20  Zealot  
  138  8:31  Warp Prism (Chrono Boost)  
  138  8:32  Probe x3  
  143  8:42  Gateway  
  143  8:44  Gateway  
  143  8:47  Gateway  
  143  8:49  Gateway  
  143  8:52  Gateway, Pylon  
  143  8:53  Pylon  
  143  8:55  Pylon  
  103  9:20  High Templar x4  
  103  9:24  Archon x3  
  111  9:25  Archon  
  111  9:31  Protoss Ground Weapons Level 2 (Chrono Boost)  
  111  9:35  Protoss Ground Armor Level 2 (Chrono Boost)  
  111  9:44  Zealot x3  
  111  9:45  Zealot x2  
  121  9:47  Zealot  
  123  10:00  Nexus  
  123  10:03  Assimilator  
  123  10:05  Assimilator  
  123  10:08  Pylon  
  123  10:11  Pylon  
  123  10:13  Probe x3  
  126  10:25  Probe x3  
  126  10:27  Zealot  
  126  10:28  Zealot x3  
  133  10:29  Zealot x5  
  133  10:30  Zealot  
  149  10:49  Zealot x5  
  149  10:50  Zealot x4  
  149  10:51  Zealot  
  129  11:10  Robotics Bay  
  129  11:13  Robotics Facility  
  129  11:15  Pylon  
  129  11:16  Pylon  
  129  11:30  High Templar x4  
  129  11:31  High Templar x5  
  143  12:03  Zealot x2  
  143  12:04  Zealot x6  
  143  12:05  Zealot x2  
  153  12:27  Colossus x2 (Chrono Boost)  
  143  12:34  Extended Thermal Lance (Chrono Boost)  
  155  12:50  High Templar x3  
  155  12:51  High Templar x2  
  165  12:52  Zealot x5  
  165  12:55  Archon x2  
  175  13:14  Colossus x2  
  147  14:32  High Templar x5  
  147  14:33  High Templar x5  
Show
View Real Time Build Order
Export as new Build Order

pHARM Zerg 

Build Orders: Hatch First 

Get SALT Encoding   

  12  0:01  Drone  
  13  0:16  Overlord  
  13  0:17  Drone  
  14  0:41  Drone x3  
  17  0:54  Hatchery  
  16  1:12  Drone x2  
  16  1:18  Spawning Pool  
  17  1:19  Drone  
  18  1:26  Drone  
  19  1:40  Drone  
  20  1:47  Drone  
  21  2:03  Overlord  
  21  2:05  Queen  
  23  2:10  Queen  
  23  2:11  Hatchery  
  24  2:18  Drone x2  
  24  2:20  Drone  
  27  2:34  Overlord  
  27  2:35  Drone x2  
  29  2:43  Drone x2  
  31  2:53  Zergling x2  
  31  2:54  Zergling x2  
  33  3:05  Drone x2  
  35  3:11  Drone  
  36  3:22  Drone x7  
  43  3:31  Queen  
  45  3:39  Extractor  
  45  3:40  Extractor  
  45  3:41  Drone x3  
  46  3:45  Extractor  
  45  3:49  Drone x3  
  48  4:24  Metabolic Boost  
  48  4:28  Overlord x2  
  48  4:33  Zergling x2  
  48  4:34  Zergling x2  
  48  4:37  Overlord x4  
  48  4:38  Overlord x4  
  50  4:53  Lair  
  50  4:56  Drone x4  
  51  5:28  Evolution Chamber  
  49  5:29  Evolution Chamber  
  49  5:31  Zergling x24  
  49  5:32  Zergling x4  
  62  5:57  Zerg Ground Armor Level 1, Zerg Melee Weapons Level 1  
  62  6:03  Hydralisk Den, Drone x3  
  64  6:05  Zergling x16  
  72  6:12  Queen  
  74  6:23  Zergling x16  
  80  6:58  Grooved Spines, Hydralisk x8  
  80  6:59  Hydralisk x3  
  80  7:01  Baneling Nest  
  101  7:13  Hydralisk x3  
  107  7:33  Extractor  
  106  7:40  Drone x15  
  121  7:55  Hatchery  
  120  8:01  Zerg Melee Weapons Level 2, Zerg Ground Armor Level 2  
  120  8:06  Baneling x2  
  120  8:07  Baneling  
  120  8:09  Muscular Augments  
  120  8:14  Extractor  
  120  8:15  Extractor  
  120  8:18  Overlord x5  
  118  8:22  Baneling  
  118  8:23  Baneling x5  
  118  8:24  Baneling  
  118  8:26  Baneling  
  118  8:28  Baneling  
  118  8:30  Baneling  
  118  8:33  Baneling  
  118  8:40  Drone x6  
  78  9:22  Hydralisk  
  78  9:23  Hydralisk x13  
  102  9:33  Spire  
  101  9:45  Zergling x12  
  107  10:13  Zergling x14  
  115  10:14  Zergling x16  
  116  10:49  Zerg Flyer Armor Level 1  
  103  10:59  Hydralisk x2  
  103  11:00  Hydralisk x8  
  103  11:02  Zergling x14  
  124  11:21  Zergling x10  
  129  11:34  Zergling x12  
  128  12:08  Infestation Pit  
  127  12:15  Spine Crawler  
  115  12:27  Drone  
  115  12:28  Drone x14  
  126  12:40  Queen  
  126  12:41  Mutalisk  
  126  12:42  Mutalisk x3  
  136  13:08  Baneling x12  
  136  13:09  Baneling x8  
  136  13:10  Extractor  
  67  13:34  Zergling x26  
  67  13:35  Zergling x10  
  85  13:47  Hydralisk x3  
  87  13:56  Baneling x10  
  87  13:57  Baneling x14  
  87  14:02  Hatchery  
  84  14:06  Corruptor x2  
Tags
 
Add a new tag
Caveats
  • Supply blocks, unpowered buildings, or Contaminate may cause inaccurate times.
  • Supply counts are checked every 10 seconds.